[Event "Late-Titled-Tuesday-Blitz-January-23-2024"]
[Site "Chess.com"]
[Date "2024.01.23"]
[Round "7"]
[White "yaguigor"]
[Black "Rikikits"]
[Result "0-1"]
[WhiteElo "2637"]
[BlackElo "2831"]
[TimeControl "180+1"]
[EndTime "15:14:32 PST"]
[Termination "Rikikits won by resignation"]

1. e4 c6 2. d4 d5 3. Nc3 dxe4 4. Nxe4 Nf6 5. Nxf6+ exf6 6. c3 Bd6 7. Bd3 O-O 8.
Qc2 Re8+ 9. Ne2 h5 10. Be3 Nd7 11. O-O-O Nf8 12. c4 b5 13. c5 Bc7 14. d5 cxd5 15.
Bxb5 Re5 16. Nd4 Bb7 17. Nc6 Bxc6 18. Bxc6 Rb8 19. Bf4 Ne6 20. Bxe5 Bxe5 21. Rxd5 Qa5 22.
b3 Nd4 23. Rxd4 Bxd4 24. Kb1 Bxc5 25.
Rd1 Ba3 26. Bd5 Rd8 27. Bc4 Rxd1+ 28. Qxd1 g6 29. Kc2 Qf5+ 30. Qd3 Qxf2+ 31. Qe2 Qf5+ 32. Qd3 Qg5 33. Qe2 Kg7 34. Kd3 Bb4 35. Qe8 Qd2+ 0-1

[Event "Late-Titled-Tuesday-Blitz-January-23-2024"]
[Site "Chess.com"]
[Date "2024.01.23"]
[Round "7"]
[White "GMJustin"]
[Black "thesupera12"]
[Result "0-1"]
[WhiteElo "2335"]
[BlackElo "2519"]
[TimeControl "180+1"]
[EndTime "15:14:32 PST"]
[Termination "thesupera12 won on time"]

1. d4 g6 2. e4 Bg7 3. Nc3 c5 4.
d5 d6 5. Nf3 Nf6 6. Bb5+ Bd7 7.
a4 O-O 8. O-O a6 9. Be2 Bc8 10.
Nd2 Nbd7 11. Nc4 Rb8 12. Bf4 b5 13. axb5 axb5 14. Na5 b4 15. Nc6 Qc7 16. Nb5 Rxb5 17.
Bxb5 Nxe4 18. Nxe7+ Kh8 19. Nxc8 Qxc8 20. Ra7 Nb6 21. Re1 Qf5 22. Qf3 Nxd5 23. Qxe4 Nxf4 24.
Qxf5 gxf5 25. g3 Ng6 26. b3 Bd4 27. Re8 Kg7 28. Rxf8 Kxf8 29. Kg2 Ne5 30. f4 Ng4 31. Bc4 Ne3+ 32. Kf3 Nxc2 33. Rxf7+ Ke8 34. Rxf5 Bg1 35. Rh5 Nd4+ 36. Ke4 Nc2 37. Rxh7 Ne3 38. Bd5 Ng4 39.
Kd3 Nf6 40. Rh8+ Ke7 41. Kc4 Ng4 42. Rh7+ Kf6 43. Bf3 Ne3+ 44. Kd3 Nf5 0-1

[Event "Late-Titled-Tuesday-Blitz-January-23-2024"]
[Site "Chess.com"]
[Date "2024.01.23"]
[Round "7"]
[White "smotherhubbard"]
[Black "traviscottofficial"]
[Result "0-1"]
[WhiteElo "2347"]
[BlackElo "2537"]
[TimeControl "180+1"]
[EndTime "15:14:34 PST"]
[Termination "traviscottofficial won on time"]

1. d4 f5 2. g3 Nf6 3. Bg2 e6 4. Nf3 Be7 5. O-O O-O 6. c4 c6 7. b3 d5 8. Ba3 a6 9. Bxe7 Qxe7 10. Ne5 Nbd7 11. f4 Ne4 12. Nd2 Nxd2 13. Qxd2 Nxe5 14. fxe5 g5 15. h4 h6 16. hxg5 hxg5 17. Rf3 Bd7 18. Kf2 Kg7 19. Rh1 Rh8 20. Rc3 Rxh1 21. Bxh1 Rh8 22. Bg2 Kg6 23. Rc1 Qa3 24. cxd5 exd5 25.
Rf1 Be6 26. Kg1 g4 27. e4 dxe4 28. Bxe4 Qe7 29. Bd3 Qg5 30. Rf4 Rh3 31. Qf2 Qh5 32. Be4 fxe4 33. Rf6+ Kg7 34. Qg2 Bd5 35. Rd6 e3 36. Rxd5 Rh1+ 37. Qxh1 Qxh1+ 38. Kxh1 e2 39. Rd7+ Kg6 40. Rxb7 e1=Q+ 41. Kg2 Qd2+ 42. Kf1 Qd1+ 43. Kg2 Qxd4 44. Re7 Qb2+ 45. Kf1 Qxa2 46. Re6+ Kf5 47. Rxc6 Qxb3 0-1

[Event "Late-Titled-Tuesday-Blitz-January-23-2024"]
[Site "Chess.com"]
[Date "2024.01.23"]
[Round "7"]
[White "alexrustemov"]
[Black "RodokininEV"]
[Result "0-1"]
[WhiteElo "2825"]
[BlackElo "2623"]
[TimeControl "180+1"]
[EndTime "15:14:39 PST"]
[Termination "RodokininEV won on time"]

1. d4 Nf6 2. c4 e6 3. Nf3 Bb4+ 4. Bd2 Qe7 5. g3 O-O 6. Bg2 c5 7. O-O d6 8. Bxb4 cxb4 9. a3 bxa3 10. Rxa3 Nc6 11. Nc3 Rd8 12. Qd2 e5 13. Nd5 Nxd5 14. cxd5 Nxd4 15. Nxd4 exd4 16. Bf3 Bf5 17. Qxd4 b6 18.
Rc1 Rdc8 19. Rac3 Rxc3 20. Qxc3 h6 21. Qc7 Qe5 22. Rc3 Bh3 23. Qb7 Qe8 24. Rc7 Rc8 25. Qxa7 Ra8 26. Rxf7 Rxa7 27. Rxa7 Qc8 28. Ra1 Qc2 29. b4 Qb2 30. Rd1 Qxb4 31. Bg2 Bxg2 32. Kxg2 b5 33. Kf3 Qb3+ 34. Rd3 Qc4 35. Ke3 b4 36. Kd2 b3 37. Rc3 Qd4+ 38. Rd3 Qb2+ 39. Kd1 Qc2+ 40. Ke1 Qxd3 0-1

[Event "Late-Titled-Tuesday-Blitz-January-23-2024"]
[Site "Chess.com"]
[Date "2024.01.23"]
[Round "7"]
[White "ProChessWICTH"]
[Black "jjbolanos"]
[Result "1-0"]
[WhiteElo "2520"]
[BlackElo "2176"]
[TimeControl "180+1"]
[EndTime "15:14:39 PST"]
[Termination "ProChessWICTH won by resignation"]

1. e4 c5 2. Nf3 e6 3. c3 Nf6 4. e5 Nd5 5. d4 cxd4 6. cxd4 d6 7.
Nc3 dxe5 8. Nxe5 Nc6 9. Bb5 Bd7 10.
Nxd5 exd5 11. Nxd7 Qxd7 12. O-O Be7 13. Bf4 O-O 14.
Re1 Bd6 15. Qd2 a6 16. Bxc6 Qxc6 17. Rac1 Qd7 18. Bxd6 Qxd6 19. Rc5 Rac8 20. Rec1 Qd7 21. Qc3 Rxc5 22. Qxc5 g6 23. Qb6 Rc8 24. Re1 Re8 25. Rc1 Rc8 26. Rc5 Rxc5 27. Qxc5 Qa4 28. h3 Qxa2 29. Qc8+ Kg7 30. Qxb7 Qb1+ 31. Kh2 Qe4 32. Qxa6 Qf4+ 33. Kg1 Qxd4 34. Qa3 Qe4 35. Qc3+ d4 36. Qd2 d3 37. Kf1 Qc4 38. Qc3+ Qxc3 39. bxc3 Kf6 40.
Ke1 Ke5 41. Kd2 Ke4 42. f3+ Kf4 43. Kxd3 Kg3 44. c4 Kxg2 45. c5 Kg3 46. c6 Kxh3 47. c7 h5 48. c8=Q+ Kg3 49. Ke3 h4 50. Qg4+ Kh2 51.
Kf2 1-0

[Event "Late-Titled-Tuesday-Blitz-January-23-2024"]
[Site "Chess.com"]
[Date "2024.01.23"]
[Round "7"]
[White "ItalianMachine"]
[Black "aghasiyevkamal"]
[Result "1-0"]
[WhiteElo "2373"]
[BlackElo "2600"]
[TimeControl "180+1"]
[EndTime "15:14:39 PST"]
[Termination "ItalianMachine won by resignation"]

1. e4 e5 2. Nf3 Nc6 3. Bb5 a6 4. Ba4 Nf6 5. O-O b5 6. Bb3 Bc5 7. d3 d6 8. c3 h6 9. h3 O-O 10. Re1 Bb6 11. Nbd2 Ne7 12. Nf1 Ng6 13. Ng3 c5 14. d4 Be6 15. d5 Bd7 16. c4 Ba5 17.
Rf1 Re8 18. Be3 Rb8 19. Rb1 Nf4 20. Kh2 bxc4 21. Bxc4 Bb5 22. Bxb5 axb5 23. Qc1 Nd3 24. Qd1 c4 25. b3 Qd7 26. Nh4 Bb6 27. Nhf5 Bxe3 28.
fxe3 Kh7 29. Nxg7 Kxg7 30. Nf5+ Kh7 31. Nxh6 Kxh6 32. Rxf6+ Kg7 33. Rf5 f6 34. Qg4+ 1-0

[Event "Late-Titled-Tuesday-Blitz-January-23-2024"]
[Site "Chess.com"]
[Date "2024.01.23"]
[Round "7"]
[White "dolynachess"]
[Black "olawsson"]
[Result "1-0"]
[WhiteElo "2498"]
[BlackElo "2168"]
[TimeControl "180+1"]
[EndTime "15:14:39 PST"]
[Termination "dolynachess won on time"]

1. d4 d6 2. c4 g6 3. Nc3 Bg7 4. Nf3 Nc6 5. e3 Nf6 6. Rb1 O-O 7. b4 e5 8. b5 Ne7 9. Be2 Bf5 10. Rb3 Ne4 11. O-O exd4 12. Nxd4 Nxc3 13. Rxc3 Bd7 14. Bf3 c5 15. bxc6 bxc6 16. Rd3 d5 17.
cxd5 cxd5 18. Ba3 Re8 19. Bxe7 Qxe7 20. Bxd5 Rac8 21. Qf3 Qf6 22. Rfd1 Ba4 23. Nb3 Qxf3 24. gxf3 Rc2 25. R1d2 1-0

[Event "Late-Titled-Tuesday-Blitz-January-23-2024"]
[Site "Chess.com"]
[Date "2024.01.23"]
[Round "7"]
[White "AlexPapasimakopoulos"]
[Black "OparinGrigoriy"]
[Result "0-1"]
[WhiteElo "2761"]
[BlackElo "3016"]
[TimeControl "180+1"]
[EndTime "15:14:42 PST"]
[Termination "OparinGrigoriy won on time"]

1. d4 a6 2. e4 c6 3. Bd3 d5 4. e5 c5 5. c3 Nc6 6. Nf3 Bg4 7. dxc5 e6 8. b4 Nxe5 9. Qa4+ Qd7 10. Qxd7+ Nxd7 11. Nbd2 Ngf6 12. h3 Bh5 13. g4 Bg6 14. Ke2 Be7 15. Bb2 Ne4 16. Nd4 Nxf2 17. Bxg6 Nxh1 18. Bxf7+ Kxf7 19. Rxh1 Bf6 20. Rf1 h6 21. N2f3 Rhe8 22.
a3 Kg8 23. Kd1 a5 24. Kc2 e5 25.
Nb5 axb4 26. cxb4 Rec8 27. Nd6 Rc7 28. Kb3 Rf8 29. Rd1 d4 30. Re1 b6 31. cxb6 Nxb6 32.
Nxe5 Rd7 33. Nf5 Bxe5 34. Rxe5 d3 35. Re1 Nd5 36. Rd1 Nf4 37. b5 Nxh3 38. Rd2 h5 39. Nxg7 hxg4 40. a4 Rf2 41. Rxf2 Nxf2 42. Bc3 d2 43.
Bxd2 Rxd2 44. Nf5 Ne4 45. a5 Rd5 0-1

[Event "Late-Titled-Tuesday-Blitz-January-23-2024"]
[Site "Chess.com"]
[Date "2024.01.23"]
[Round "7"]
[White "Jarrahi2452"]
[Black "jcibarra"]
[Result "1/2-1/2"]
[WhiteElo "2659"]
[BlackElo "2855"]
[TimeControl "180+1"]
[EndTime "15:14:43 PST"]
[Termination "Game drawn by repetition"]

1. d4 Nf6 2. Bf4 g6 3. Nf3 Bg7 4. h3 O-O 5. e3 d6 6. c3 c5 7. dxc5 dxc5 8. Nbd2 Nc6 9. Nc4 Nd5 10. Bh2 Be6 11.
Be2 Qc8 12. O-O Rd8 13. Qa4 a6 14. Nce5 b5 15. Qc2 Na5 16. Rad1 f6 17. Nd3 Bf7 18. Nf4 Nb6 19. b3 e5 20. Rxd8+ Qxd8 21. Nd3 e4 22.
Nxc5 exf3 23. Bxf3 Rc8 24. Nxa6 Qe7 25. Nb4 f5 26. Qd3 Bxc3 27. Nd5 Qd8 28. Rd1 Nxd5 29. Qxb5 Qb6 30. Rxd5 Qxb5 31. Rxb5 Bd2 32. Be5 Be8 33. Bd5+ Kf8 34. Bd6+ Kg7 35. Be5+ Kh6 36. Rb6 Rc5 37. Bf4+ Kg7 38. Be5+ Kh6 39. Bf4+ Kg7 40. Be5+ Kh6 1/2-1/2

[Event "Late-Titled-Tuesday-Blitz-January-23-2024"]
[Site "Chess.com"]
[Date "2024.01.23"]
[Round "7"]
[White "GothamChess"]
[Black "PabloZarnicki"]
[Result "0-1"]
[WhiteElo "2765"]
[BlackElo "2608"]
[TimeControl "180+1"]
[EndTime "15:14:43 PST"]
[Termination "PabloZarnicki won by resignation"]

1. e4 e5 2. Nf3 Nf6 3. d3 Nc6 4.
c3 d5 5. Qc2 a5 6. a4 Bc5 7. Be2 O-O 8. h3 Re8 9. Nbd2 Ba7 10. Nf1 dxe4 11. dxe4 Nh5 12. g3 h6 13. Be3 Nf6 14. Bxa7 Rxa7 15. Ne3 Be6 16. Rd1 Qe7 17. g4 Qc5 18. O-O Ne7 19. Nh4 Raa8 20. Rd2 Rad8 21. Rfd1 Rxd2 22. Rxd2 Nh7 23. Nhf5 Ng6 24. Nd5 Ng5 25.
Kg2 c6 26. Nc7 Nf4+ 27. Kg3 Bxf5 28. gxf5 Ngxh3 29. Bf1 Rc8 30. Bxh3 Rxc7 31. Rd8+ Kh7 32. Qd2 Qe7 33. Kh2 Qh4 34. Rd3 Rd7 0-1

[Event "Late-Titled-Tuesday-Blitz-January-23-2024"]
[Site "Chess.com"]
[Date "2024.01.23"]
[Round "7"]
[White "Goryachkina"]
[Black "Mikhail_Golubev"]
[Result "0-1"]
[WhiteElo "2681"]
[BlackElo "2540"]
[TimeControl "180+1"]
[EndTime "15:14:44 PST"]
[Termination "Mikhail_Golubev won by checkmate"]

1. e4 c5 2. Nf3 d6 3. d4 cxd4 4.
Nxd4 Nf6 5. Nc3 g6 6. Be2 Bg7 7.
O-O O-O 8. Be3 Nc6 9. f3 Bd7 10.
Qd2 a6 11. a4 Rc8 12. Nxc6 Rxc6 13. a5 Qc8 14. Bd4 Be6 15. Kh1 Bc4 16. Bd3 Rd8 17. Rfd1 Bxd3 18. cxd3 Qe6 19. Bxf6 Bxf6 20. d4 Rc4 21. Nd5 Bxd4 22. Qd3 Rdc8 23. Qb3 Qd7 24. e5 Bxe5 25. Nb6 Qe6 26. Nxc4 Rxc4 27. Qxb7 Rh4 28. h3 Bf4 29. Ra4 Rxh3+ 30. gxh3 Qxh3+ 31. Kg1 Be3# 0-1

[Event "Late-Titled-Tuesday-Blitz-January-23-2024"]
[Site "Chess.com"]
[Date "2024.01.23"]
[Round "7"]
[White "Oleksandr_Bortnyk"]
[Black "SpeedofLight0"]
[Result "0-1"]
[WhiteElo "3058"]
[BlackElo "2966"]
[TimeControl "180+1"]
[EndTime "15:14:45 PST"]
[Termination "SpeedofLight0 won on time"]

1. e4 e5 2. Bc4 Nf6 3. d3 Nc6 4. Nc3 Bb4 5. Bd2 O-O 6. Nge2 Na5 7. O-O d6 8. h3 Nxc4 9. dxc4 Be6 10. b3 Nd7 11. f4 exf4 12. Nxf4 Ne5 13. Ncd5 Bc5+ 14. Kh2 c6 15. Nxe6 fxe6 16. Nf4 Qe7 17. Bc3 Nd7 18. Qg4 e5 19. Nd3 Bd4 20. Bxd4 exd4 21. Qg3 Rf6 22.
Rxf6 Qxf6 23. Re1 Re8 24. Re2 Ne5 25. Rf2 Qe7 26. Rf5 Nd7 27. Rg5 Nf6 28. Nf2 h6 29.
Rf5 Nxe4 30. Nxe4 Qxe4 31. Rf4 Qe5 32. b4 Rf8 33. Rg4 Rf1 34. c5 Qxg3+ 35. Kxg3 dxc5 36. bxc5 Rd1 37. Re4 Rd2 38. Re7 Rxc2 39. Rxb7 a5 40. Rd7 Rxa2 41. Rd6 d3 42. Kf3 Re2 43. Rxc6 Re5 0-1

[Event "Late-Titled-Tuesday-Blitz-January-23-2024"]
[Site "Chess.com"]
[Date "2024.01.23"]
[Round "7"]
[White "brm72"]
[Black "otrov-11"]
[Result "1-0"]
[WhiteElo "2667"]
[BlackElo "2484"]
[TimeControl "180+1"]
[EndTime "15:14:46 PST"]
[Termination "brm72 won by resignation"]

1. e4 e6 2. d4 d5 3. e5 c5 4. c3 Nc6 5. Nf3 Qb6 6. Bd3 cxd4 7. O-O Bd7 8. Re1 Nge7 9. Nbd2 Ng6 10. c4 dxc4 11.
Nxc4 Qc7 12. g3 b5 13. Nd6+ Bxd6 14. exd6 Qxd6 15. h4 Nce5 16. Nxe5 Nxe5 17. Bf4 f6 18. Qh5+ Kf8 19. Bxe5 fxe5 20. Rxe5 Rb8 21. Rae1 Qe7 22. R1e4 g6 23. Qh6+ Qg7 24. Qf4+ Qf7 25. Rxe6 Bxe6 26. Qxb8+ Kg7 27. Qe5+ Qf6 28. Qxe6 Rd8 29.
Qxf6+ Kxf6 30. Bxb5 d3 31. Ba4 d2 32. Bd1 Kf5 33. Re3 h5 34. Kf1 g5 35. hxg5 Kxg5 36. Ke2 h4 37. gxh4+ Kxh4 38. Rd3 Rb8 39. b3 Kg5 40.
Kxd2 Kf4 41. Kc3 Ke4 42. Re3+ Kd5 43. Bf3+ Kc5 44. Re5+ Kd6 45. Ra5 Rf8 46. Be4 Rxf2 47. Rxa7 Kc5 48. Ra5+ Kb6 49. Rh5 Rxa2 50. Bd3 Rg2 51. Bc4 Rg3+ 52. Kb4 Rg6 53. Re5 Rg5 54. Rxg5 1-0

[Event "Late-Titled-Tuesday-Blitz-January-23-2024"]
[Site "Chess.com"]
[Date "2024.01.23"]
[Round "7"]
[White "DvaHrasta"]
[Black "karinachess1"]
[Result "1-0"]
[WhiteElo "2494"]
[BlackElo "2606"]
[TimeControl "180+1"]
[EndTime "15:14:46 PST"]
[Termination "DvaHrasta won by checkmate"]

1. c4 e6 2. d4 Nf6 3. Nf3 d5 4. Bg5 h6 5. Bxf6 Qxf6 6. e3 Bb4+ 7. Nc3 c5 8. cxd5 exd5 9. Bb5+ Nc6 10. O-O Be6 11. Ne5 Rc8 12. Qa4 O-O 13. Nxc6 bxc6 14. Bxc6 cxd4 15. Nxd5 Bxd5 16. Bxd5 Bc5 17. e4 Rb8 18. Qc2 Bd6 19. b3 Rbc8 20. Bc4 Rfe8 21. Rfe1 h5 22. Qd3 h4 23. Rad1 Bb4 24. Re2 Bc5 25. Rf1 Qf4 26. g3 Qg4 27. Kg2 h3+ 28. Kh1 Re5 29. f3 Qg6 30. f4 Re7 31. e5 Qc6+ 32.
Qf3 Bb6 33. Qxc6 Rxc6 34. g4 a5 35. g5 a4 36. Rf3 axb3 37. axb3 Ra7 38. Rxh3 Ra1+ 39.
Kg2 Rc7 40. g6 Rc6 41. gxf7+ Kf8 42. Rh8+ Ke7 43. f8=Q+ Kd7 44. Qxg7# 1-0

[Event "Late-Titled-Tuesday-Blitz-January-23-2024"]
[Site "Chess.com"]
[Date "2024.01.23"]
[Round "7"]
[White "Atousa"]
[Black "chessflav"]
[Result "1-0"]
[WhiteElo "2463"]
[BlackElo "2298"]
[TimeControl "180+1"]
[EndTime "15:14:46 PST"]
[Termination "Atousa won by resignation"]

1. e4 c5 2. Nf3 e6 3. b3 Nf6 4. e5 Nd5 5. c4 Ne7 6. d4 cxd4 7. Nxd4 Ng6 8. f4 a6 9. Be2 Nc6 10. Nxc6 bxc6 11. O-O d5 12. exd6 Qxd6 13. Bb2 Qxd1 14. Rxd1 Nxf4 15. Bf3 Bd7 16. Nd2 f6 17. Ne4 e5 18. Nd6+ Bxd6 19. Rxd6 Ke7 20. Ba3 Ke8 21.
Rad1 Ra7 22. Rxd7 Rxd7 23. Bxc6 Ne2+ 24. Kf2 Nd4 25. Bxd7+ Kxd7 26. Bc5 Kc6 27. Bxd4 exd4 28. Rxd4 Re8 29. b4 Re5 30. a3 h5 31. g3 Rf5+ 32. Ke3 Rf1 33. Rd3 Rh1 34. h4 Rf1 35. Kd4 Ra1 36. Re3 Rd1+ 37. Kc3 Ra1 38. Kb2 Rg1 39. Kb3 Rg2 40. Ka4 Rc2 41. Ka5 Rxc4 42. Kxa6 Rc1 43. b5+ Kc5 44. a4 g5 45. hxg5 fxg5 46.
Re5+ Kb4 47. b6 Kxa4 48. b7 Rb1 49. Ra5+ Kb4 50. Rb5+ Kc3 51. Rxb1 1-0

[Event "Late-Titled-Tuesday-Blitz-January-23-2024"]
[Site "Chess.com"]
[Date "2024.01.23"]
[Round "7"]
[White "mjelcic"]
[Black "tgpgoat"]
[Result "0-1"]
[WhiteElo "2214"]
[BlackElo "2429"]
[TimeControl "180+1"]
[EndTime "15:14:46 PST"]
[Termination "tgpgoat won by resignation"]

1. c4 Nf6 2. Nc3 e6 3. g3 d5 4. cxd5 exd5 5. d4 Be7 6. Bg2 O-O 7. Nf3 c6 8. a3 Nbd7 9. O-O Nb6 10. b4 Ne4 11. Nxe4 dxe4 12. Ne5 f5 13. a4 Be6 14.
Ba3 Nd5 15. b5 cxb5 16. axb5 Nc3 17. Qd2 Nxb5 18. Bxe7 Qxe7 19. Rfb1 a6 20. e3 Rad8 21. Qa5 Bd5 22. Bf1 Nc7 23. Rc1 Ne6 24. Rab1 Ng5 25. Bc4 Bxc4 26. Rxc4 Nf3+ 27. Nxf3 exf3 28. Rc7 Rd7 29.
Rbxb7 Rxc7 30. Rxc7 Qe4 31. Qa2+ Kh8 32. Qa3 Rb8 33.
Rc1 h6 34. Qxa6 f4 35. exf4 Rb2 36. Qc8+ Kh7 37. d5 Re2 38. d6 Re1+ 0-1

[Event "Late-Titled-Tuesday-Blitz-January-23-2024"]
[Site "Chess.com"]
[Date "2024.01.23"]
[Round "7"]
[White "Ali_rastbod"]
[Black "Sargsyan_Shant"]
[Result "0-1"]
[WhiteElo "2693"]
[BlackElo "2918"]
[TimeControl "180+1"]
[EndTime "15:14:47 PST"]
[Termination "Sargsyan_Shant won by resignation"]

1. Nf3 g6 2. e4 Nf6 3. e5 Nh5 4. d4 d6 5. Bc4 Bg7 6. O-O dxe5 7. Nxe5 Bxe5 8. dxe5 Qxd1 9. Rxd1 Nc6 10. Nc3 Bf5 11.
Bb5 Bxc2 12. Rd2 Bf5 13. f3 Ng7 14. Nd5 Rc8 15. b3 Be6 16. Ba3 Bxd5 17. Rxd5 Ne6 18. Rc1 Rd8 19. Rxd8+ Nxd8 20. f4 a6 21. Be2 Ne6 22.
g3 Ned4 23. Bd1 Kd7 24. Kf2 Rd8 25. Bg4+ Ke8 26. Bc5 h5 27. Bh3 Ne6 28. Be3 Rd7 29. Bg2 Ncd8 30. h3 c6 31. g4 Ng7 32. Be4 e6 33. Ke2 Kf8 34. b4 Ne8 35. gxh5 gxh5 36. f5 exf5 37. Bxf5 Ne6 38. Rf1 N8c7 39. Bh6+ Ke7 40.
Ke1 Rd5 41. Be3 Rxe5 42. Kd2 Nd5 43. Bg1 Nef4 44. Bc5+ Ke8 45. Bc8 Re2+ 46. Kc1 Nd3+ 47. Kb1 Nc3+ 0-1

[Event "Late-Titled-Tuesday-Blitz-January-23-2024"]
[Site "Chess.com"]
[Date "2024.01.23"]
[Round "7"]
[White "Defenstrator"]
[Black "NikolaGry"]
[Result "0-1"]
[WhiteElo "2502"]
[BlackElo "2740"]
[TimeControl "180+1"]
[EndTime "15:14:50 PST"]
[Termination "NikolaGry won by resignation"]

1. d4 d5 2. c4 Nc6 3. e4 dxe4 4. d5 Ne5 5. Nc3 e6 6. Qd4 Ng6 7. Nxe4 Bb4+ 8. Nc3 Nf6 9. Bg5 c5 10. Qd3 exd5 11. cxd5 O-O 12. O-O-O h6 13. Be3 Ne5 14. Qc2 Nfg4 15. Bf4 Qf6 16. Nge2 Nxf2 17. Ne4 Nxe4 18. Qxe4 Ng6 19. Bg3 Bf5 20. Qf3 Ne5 21. Bxe5 Qxe5 22. Ng3 Bd7 23. Bd3 c4 24. Bc2 c3 25. Rd3 cxb2+ 26.
Kb1 Rae8 27. Rb3 a5 28. Ne4 f5 29. Nf2 Ba4 30. Nd3 Qd4 31. Rxb2 Bxc2+ 32. Rxc2 Re3 33.
Qf2 Qxd3 0-1

[Event "Late-Titled-Tuesday-Blitz-January-23-2024"]
[Site "Chess.com"]
[Date "2024.01.23"]
[Round "7"]
[White "The_Machine04"]
[Black "DenLaz"]
[Result "0-1"]
[WhiteElo "2715"]
[BlackElo "3079"]
[TimeControl "180+1"]
[EndTime "15:14:51 PST"]
[Termination "DenLaz won on time"]

1. d4 f5 2. Bg5 h6 3. Bh4 g5 4.
Bg3 Bg7 5. e3 c5 6. c3 Qb6 7.
Nd2 d5 8. h4 g4 9. Ne2 Nf6 10.
h5 O-O 11. Qb3 Be6 12. Nf4 Bf7 13. dxc5 Qxc5 14. Qxb7 Nbd7 15. Qb5 Qc8 16. Qa6 Qb8 17. Ne6 Qxb2 18. Rb1 Qxc3 19. Nxf8 Rxf8 20. Qd3 Ne4 21. Be2 Ndc5 22. Qxc3 Bxc3 23. Rd1 Rb8 24. Bxb8 Nxd2 25. Rxd2 Ne4 26. Bxa7 Nxd2 27. Kd1 Ne4 28. Kc2 Ba5 29.
f3 Ng3 30. Rh4 Nxe2 31. fxg4 d4 32. exd4 f4 33. a4 Bd5 0-1

[Event "Late-Titled-Tuesday-Blitz-January-23-2024"]
[Site "Chess.com"]
[Date "2024.01.23"]
[Round "7"]
[White "Kostukov_Alex"]
[Black "Noki102"]
[Result "1-0"]
[WhiteElo "2311"]
[BlackElo "2431"]
[TimeControl "180+1"]
[EndTime "15:14:51 PST"]
[Termination "Kostukov_Alex won by resignation"]

1. g3 Nc6 2. Bg2 d5 3. d4 Bf5 4. Nf3 e6 5. O-O h5 6. c4 h4 7. Nc3 h3 8. Bh1 Nf6 9. Ne5 Bd6 10. Bf4 Ne7 11. cxd5 exd5 12. Qb3 Bxe5 13. dxe5 Ne4 14. Nxe4 Bxe4 15. Bxe4 dxe4 16. Qxb7 Qd5 17. Qxd5 Nxd5 18.
Rfd1 Nxf4 19. gxf4 Rh4 20. e3 Rg4+ 21. Kf1 Rg2 22. Ke2 Rb8 23. b3 Rb6 24. Rac1 Rxh2 25. Rxc7 Rg2 26. Rc8+ Ke7 27. Rh8 h2 28. Rh1 Rh6 29.
Rxh6 gxh6 30. Kf1 Rg1+ 31. Rxg1 hxg1=Q+ 32. Kxg1 Ke6 33. Kg2 Kd5 34. f3 a5 35. a3 h5 36. b4 axb4 37. axb4 Kc4 38. fxe4 Kxb4 39. f5 Kc5 40. e6 fxe6 41. f6 Kd6 42. e5+ Kd7 43.
Kh3 Ke8 44. Kh4 Kf7 45. Kxh5 Kg8 46. Kg6 Kf8 47. f7 Ke7 48. Kg7 Kd7 49. f8=Q Kc6 50.
Qd6+ 1-0

[Event "Late-Titled-Tuesday-Blitz-January-23-2024"]
[Site "Chess.com"]
[Date "2024.01.23"]
[Round "7"]
[White "Chessdreamer2020"]
[Black "Eloist"]
[Result "0-1"]
[WhiteElo "2540"]
[BlackElo "2444"]
[TimeControl "180+1"]
[EndTime "15:14:53 PST"]
[Termination "Eloist won by checkmate"]

1. e4 e6 2. b3 c5 3. Bb2 Nc6 4. Nf3 Nf6 5. e5 Nd5 6. g3 d6 7. exd6 Qxd6 8. Na3 b6 9. Nc4 Qc7 10. Bg2 Bb7 11. O-O O-O-O 12. Re1 Rg8 13. a4 Be7 14. a5 Bf6 15. axb6 axb6 16. Nfe5 Nxe5 17. Bxe5 Bxe5 18.
Nxe5 f6 19. Nc4 e5 20. d3 Nc3 21. Qd2 Nb5 22. Ra2 Bxg2 23. Kxg2 Qb7+ 24. Kg1 Nd4 25. Re3 b5 26. Ra8+ Kd7 27. Rxd8+ Rxd8 28. Na5 Qa8 29. Qc3 Rc8 30. f4 b4 31. Qa1 Nxc2 32. Qa4+ Ke6 33.
Re4 Nd4 34. fxe5 f5 35. Re3 Rc7 36. Kf2 Ra7 37. g4 g6 38. gxf5+ gxf5 39. Rh3 Rxa5 40. Rh6+ Kxe5 41. Qd7 Qf3+ 42. Ke1 Qe2# 0-1

[Event "Late-Titled-Tuesday-Blitz-January-23-2024"]
[Site "Chess.com"]
[Date "2024.01.23"]
[Round "7"]
[White "rionelG"]
[Black "JaackCamel"]
[Result "1-0"]
[WhiteElo "2266"]
[BlackElo "2162"]
[TimeControl "180+1"]
[EndTime "15:14:53 PST"]
[Termination "rionelG won on time"]

1. e4 e6 2. d4 d5 3. Nc3 Bb4 4. exd5 exd5 5. Nf3 Nf6 6. Bd3 O-O 7. O-O Bg4 8. Bg5 c6 9. Qd2 Bxf3 10. gxf3 Nbd7 11.
Kh1 Qc7 12. Rg1 Kh8 13. Rg3 Nh5 14. Rh3 g6 15. Rxh5 gxh5 16. Bf5 f6 17. Bh6 Rg8 18. Re1 Rae8 19. Re6 Rxe6 20. Bxe6 Rg6 21. Bf7 Bf8 22. Bxg6 hxg6 23. Bf4 Bd6 24. Bxd6 Qxd6 25. Qh6+ Kg8 26. Qxg6+ Kf8 27. Qh6+ Ke7 28. Qxh5 Qf4 29. Qh7+ Kd6 30. Kg2 Qxd4 31. h4 Qf4 32. Ne2 Qd2 33. Ng3 Qf4 34. h5 Ne5 35. Qf5 1-0

[Event "Late-Titled-Tuesday-Blitz-January-23-2024"]
[Site "Chess.com"]
[Date "2024.01.23"]
[Round "7"]
[White "shirovin"]
[Black "AkatsukiLogHorizon"]
[Result "1-0"]
[WhiteElo "2018"]
[BlackElo "2234"]
[TimeControl "180+1"]
[EndTime "15:14:53 PST"]
[Termination "shirovin won by resignation"]

1. e4 c5 2. Nf3 g6 3. c4 Bg7 4.
d4 cxd4 5. Nxd4 e6 6. Be3 Ne7 7.
Be2 Nbc6 8. Nc3 O-O 9. O-O d5 10. c5 dxe4 11. Nxc6 Nxc6 12. Nxe4 Bxb2 13. Bh6 Bg7 14.
Bxg7 Kxg7 15. Nd6 Qe7 16. Rb1 Rd8 17. Bf3 Qc7 18. Qd2 Ne5 19. Qc3 f6 20. Bxb7 Rxd6 21. Bxa8 Rd3 22. Qb4 Ba6 23. Rfd1 Rxd1+ 24. Rxd1 Nd3 25.
Qa3 Qc8 26. Bf3 Ne5 27. Be4 Nc4 28. Qb4 Qc7 29. Bd3 Qf4 30. Bxc4 Bxc4 31. Rd7+ Kh6 32. Qd2 Qxd2 33. Rxd2 Bb5 34. Rb2 Bc6 35. Rb8 Kg5 36.
Rc8 Bd5 37. c6 Kf5 38. c7 Ke5 39. Rd8 1-0

[Event "Late-Titled-Tuesday-Blitz-January-23-2024"]
[Site "Chess.com"]
[Date "2024.01.23"]
[Round "7"]
[White "ChessSwole"]
[Black "almaguerjm"]
[Result "1-0"]
[WhiteElo "2619"]
[BlackElo "2473"]
[TimeControl "180+1"]
[EndTime "15:14:54 PST"]
[Termination "ChessSwole won by resignation"]

1. e4 e5 2. Bc4 Nc6 3. Nf3 Nf6 4. Ng5 d5 5. exd5 Na5 6. Bb5+ c6 7. dxc6 bxc6 8. Bd3 h6 9. Ne4 Nd5 10. O-O Nf4 11. Qf3 f5 12. Nec3 Bd6 13. g3 e4 14. Nxe4 Nh3+ 15. Kh1 fxe4 16. Qh5+ Kf8 17. Bxe4 Ng5 18. Bg2 Qe8 19. Qh4 Be6 20. d3 Kg8 21.
Nc3 Qf7 22. f4 Nh7 23. f5 Bd5 24. Nxd5 cxd5 25. Bd2 Nc6 26. f6 Nxf6 27. c4 Ne7 28.
Bc3 Rf8 29. Rae1 dxc4 30. dxc4 Ng6 31. Qd4 Bb8 32. Qd3 Ne7 33. Bb4 Re8 34. Rxf6 Qxf6 35. Bxe7 Rxe7 36. Qd8+ Kh7 37. Qxe7 Qxe7 38. Rxe7 Rc8 39.
Be4+ Kh8 40. b3 a5 41. Bf5 Rd8 42. Kg2 Bd6 43. Rb7 Bb4 44. Kf3 Rd2 45. Rb8+ 1-0

[Event "Late-Titled-Tuesday-Blitz-January-23-2024"]
[Site "Chess.com"]
[Date "2024.01.23"]
[Round "7"]
[White "js20000"]
[Black "FairChess_on_YouTube"]
[Result "1/2-1/2"]
[WhiteElo "2900"]
[BlackElo "3091"]
[TimeControl "180+1"]
[EndTime "15:14:55 PST"]
[Termination "Game drawn by repetition"]

1. e4 c5 2. Nf3 e6 3. c3 d5 4. e5 Nc6 5. d4 Qb6 6. Bd3 Bd7 7. O-O a5 8. dxc5 Bxc5 9. a4 Nge7 10. Nbd2 Ng6 11.
Nb3 Ncxe5 12. Nxe5 Nxe5 13. Nxc5 Qxc5 14. Be3 Qe7 15.
Bd4 Nxd3 16. Qxd3 O-O 17. f4 f6 18. Rfe1 Qf7 19. Re3 Qg6 20. Qe2 Qf5 21. g3 Rae8 22.
b3 e5 23. fxe5 fxe5 24. Rxe5 Rxe5 25. Qxe5 Qxe5 26. Bxe5 Bh3 27. Bd4 Rf3 28. Re1 h5 29. Rc1 Kh7 30. Bb6 Rd3 31. Bxa5 Rd2 32. Bb6 Rg2+ 33. Kh1 Rb2 34. b4 Bg2+ 35. Kg1 Be4 36. Bf2 Kg6 37. a5 Kf5 38. h3 g5 39.
Rf1 g4 40. c4 Bd3 41. Bd4+ Bxf1 42. Bxb2 Bxc4 43. hxg4+ hxg4 44. Kf2 Ke4 45. Bc1 d4 46. Bf4 Kd3 47. Ke1 Kc3 48. Bd2+ Kb3 49. Kf2 Kb2 50. Ke1 Kc2 51. Bf4 Kd3 52. Bg5 Bb5 53. Bf4 Kc3 54. Bd2+ Kc4 55. Kd1 Kd5 56. Bf4 Ke4 57. Kd2 Ba4 58. Bd6 Bb5 59. Bc7 Ba6 60. Bb8 Kd5 61.
Bc7 Kc4 62. Bd6 Bb5 63. Bf8 Kb3 64. Be7 Kc4 65. Bf8 Ba6 66. Be7 Bb5 67. Bf8 1/2-1/2